 Dungeon Crawl Stone Soup version 0.29.1-12-g30fa7ad0bf (webtiles) character file.

Game seed: 970942567525232359

95 BigDaddyOpFi the Conjurer (level 4, -3/27 HPs)
             Began as an Octopode Conjurer on Jan 12, 2023.
             Killed from afar by Ijyb (19 damage)
             ... with an iceblast
             ... on level 3 of the Dungeon.
             The game lasted 00:02:40 (2447 turns).

BigDaddyOpFi the Conjurer (Octopode Conjurer)       Turns: 2447, Time: 00:02:40

Health: -3/27      AC:  1    Str: 12    XL:     4   Next: 65%
Magic:  5/8        EV: 13    Int: 22    God:
Gold:   97         SH:  0    Dex: 10    Spells: 5/8 levels left

rFire   . . .      SeeInvis .   f - +0 dagger
rCold   . . .      Faith    .   (no shield)
rNeg    . . .      Spirit   .   (helmet restricted)
rPois   .          Reflect  .   (no amulet)
rElec   .          Harm     .   d - +4 ring of slaying
rCorr   .          Rampage  .   j - +6 ring of strength
Will    .....                   (no ring)
Stlth   +++.......              (no ring)
HPRegen 0.09/turn               (no ring)
MPRegen 0.11/turn               (no ring)
                                (no ring)
                                (no ring)

@: no status effects
A: almost no armour, amphibious, 8 rings, camouflage 1, gelatinous body 1,
(nimble swimmer 1), tentacles
a: no special abilities


You were on level 3 of the Dungeon.
You visited 1 branch of the dungeon, and saw 3 of its levels.

You collected 97 gold pieces.

Inventory:

Hand Weapons
 f - a +0 dagger (weapon)
Jewellery
 d - a +4 ring of slaying (left tentacle)
 j - a +6 ring of strength (right tentacle)
Scrolls
 g - 2 scrolls of teleportation
 k - a scroll of magic mapping
Potions
 a - 2 potions of magic
 c - a potion of brilliance
 e - a potion of invisibility
 h - a potion of curing
 i - a potion of heal wounds
 l - a potion of attraction {unknown}


   Skills:
 + Level 2.9 Dodging
 + Level 4.1 Stealth
 + Level 2.7 Spellcasting
 + Level 4.5 Conjurations


You had 5 spell levels left.
You knew the following spells:

 Your Spells              Type           Power      Damage    Failure   Level
a - Magic Dart            Conj           88%        1d7       1%          1
b - Searing Ray           Conj           44%        2d6       3%          2

Your spell library contained the following spells:

 Spells                   Type           Power      Damage    Failure   Level
 Dazzling Flash           Conj/Hex       24%        N/A       16%         3
 Fulminant Prism          Conj/Hex       6%         3d7       45%         4
 Iskenderun's Mystic Bla  Conj/Tloc      12%        2d5       45%         4


Dungeon Overview and Level Annotations

Branches:
Dungeon (3/15)

Altars:
Nemelex Xobeh

Shops:
D:2 !

Annotations:
D:3 Ijyb


Innate Abilities, Weirdness & Mutations

You cannot wear most types of armour.
You are amphibious.
You can wear up to eight rings at the same time.
Your skin changes colour to match your surroundings (Stealth+).
Your rubbery body absorbs attacks. (AC +1, EV +1)
((You are camouflaged when in or above water. (Stealth+)))
You have tentacles for arms and can constrict up to eight enemies at once.


Message History

The magic dart hits the ball python.
The ball python is severely wounded.
The magic dart hits the ball python.
You kill the ball python!
You can't see any susceptible monsters within range! (Use Z to cast anyway.)
You can't see any susceptible monsters within range! (Use Z to cast anyway.)
You see here a lumpy inky potion.
An endoplasm is nearby!
An endoplasm is nearby!
An endoplasm is nearby!
The magic dart hits the endoplasm!
You kill the endoplasm!
You can't see any susceptible monsters within range! (Use Z to cast anyway.)
You can't see any susceptible monsters within range! (Use Z to cast anyway.)
l - a lumpy inky potion
Okay, then.
As you read the scroll of identify, it crumbles to dust.
k - a scroll of magic mapping
As you read the scroll of identify, it crumbles to dust.
c - a potion of brilliance
As you read the scroll of identify, it crumbles to dust.
e - a potion of invisibility
As you read the scroll of identify, it crumbles to dust.
h - a potion of curing
Found a sparkling altar of Nemelex Xobeh.
Ijyb shouts!
Ijyb throws a stone.
The stone hits you.
Ijyb is nearby!
The magic dart hits Ijyb but does no damage.
The magic dart hits Ijyb.
Ijyb is lightly wounded.
The magic dart hits Ijyb.
Ijyb is moderately wounded.
Ijyb zaps a wand.
The mass of ice explodes!
The iceblast engulfs you!
Casting: Magic Dart (safe; 1% risk of failure)
Confirm with . or Enter, or press ? or * to list all spells.
You can't see any susceptible monsters within range! (Use Z to cast anyway.) Ijyb zaps a wand.
The mass of ice explodes!
The iceblast engulfs you!!
Ouch! That really hurt!
You die...

# . ## .# .. ._
#.## #.. .#
#... #... '#...
#### .... ##..#
#...
...#..#..###
#.##
...g...@...# #
#.#
#..###.###.##.#
#.# #........#
#.# #####.####
#.## #...# #...
###.# ##### #.#
#.... #.# #.###
#.# #.# #


You could see Ijyb.

Vanquished Creatures
  Jessica (D:2)
  An iguana (D:3)
  An adder (D:2)
  A dart slug (D:1)
  6 endoplasms
  A giant cockroach (D:2)
  A goblin (D:1)
  3 hobgoblins (D:2)
  3 quokkas
  6 ball pythons
  3 bats
  3 frilled lizards
  3 kobolds
  A rat (D:2)
34 creatures vanquished.

Vanquished Creatures (others)
  A giant cockroach (D:3)
  3 plants (D:2)
  A withered plant (D:2)
5 creatures vanquished.

Grand Total: 39 creatures vanquished

Notes
Turn   | Place    | Note
-------+----------+-------------------------------------------
     0 | D:1      | BigDaddyOpFi the Octopode Conjurer began the quest for the
                  | Orb.
     0 | D:1      | Reached XP level 1. HP: 11/11 MP: 3/3
   418 | D:1      | Reached XP level 2. HP: 17/17 MP: 5/5
   738 | D:1      | You fall into a shaft and drop 1 floor!
   740 | D:2      | Noticed Jessica
   745 | D:2      | Killed Jessica
   746 | D:2      | Reached XP level 3. HP: 21/21 MP: 0/6
   760 | D:2      | Found Taaff's Distillery.
  1005 | D:2      | Found a faded altar of an unknown god.
  1155 | D:2      | Reached XP level 4. HP: 27/27 MP: 5/7
  1506 | D:2      | Identified the +1 scale mail "Buet" {Str+5}
  1580 | D:3      | Noticed Ijyb
  1933 | D:3      | Learned a level 2 spell: Searing Ray
  2440 | D:3      | Found a sparkling altar of Nemelex Xobeh.
  2447 | D:3      | Killed from afar by Ijyb

Illustrated notes

Levels and vault maps discovered:
D:1:      onia_arrival_mini_maze, layout_basic, minmay_unequal
D:2:      layout_rooms, ebering_ecumenical_altar_petrified, serial_shops,
          shop_statue, guppyfry_early_lair_pool, uniq_jessica
D:3:      layout_loops_corners, nemelex_diamond_rough_becter, uniq_ijyb

Skill      XL: |  1  2  3  4 |
---------------+-------------+-----
Stealth        | 3 4 |  4.1
Dodging        | |  2.9
Spellcasting   | |  2.7
Conjurations   | |  4.5

Action                   |  1- 3 |  4- 6 || total
-------------------------+-------+-------++-------
Melee: Dagger            |    14 |     3 ||    17
       Constrict         |     6 |     1 ||     7
       Tentacles         |     2 |     1 ||     3
       Unarmed           |     1 |       ||     1
 Cast: Magic Dart        |    34 |    25 ||    59
       Searing Ray       |       |     2 ||     2
  Use: Scroll            |     3 |     6 ||     9
       Potion            |       |     1 ||     1
Armor: Skin              |     1 |     1 ||     2
Dodge: Dodged            |    16 |     9 ||    25
